 Dungeon Crawl Stone Soup version 0.29.1-2-gbd0b4ee654 (webtiles) character file.

Game seed: 6786428903275339219

120067 MisterFreud the Acrobat (level 15, -5/77 HPs)
             Began as a Felid Berserker on Oct 28, 2022.
             Was the Champion of Trog.
             Shot with an arrow by a centaur warrior (21 damage)
             ... on level 1 of the Vaults.
             The game lasted 00:51:43 (34064 turns).

MisterFreud the Acrobat (Felid Berserker)          Turns: 34064, Time: 00:51:45

Health: -5/77      AC:  7    Str: 13    XL:     15   Next: 99%
Magic:  0/16       EV: 49    Int:  8    God:    Trog [******]
Gold:   1664       SH:  0    Dex: 30    Spells: 14/14 levels left
                                        Lives:  0   Deaths: 2

rFire   . . .      SeeInvis +     - Unarmed
rCold   + . .      Faith    .   (shield unavailable)
rNeg    . . .      Spirit   +   (body armour unavailable)
rPois   .          Reflect  .   (helmet unavailable)
rElec   .          Harm     .   (cloak unavailable)
rCorr   .          Rampage  .   (gloves unavailable)
Will    ++...                   (boots unavailable)
Stlth   +++++++...              g - amulet of guardian spirit
HPRegen 0.22/turn               b - +6 ring of dexterity
MPRegen 0.15/turn               p - +4 ring of protection

@: on berserk cooldown, slowed, slow
A: very small, claws 1, fangs 3, see invisible, speed 1, shaggy fur 3, stealthy
paws, no weapons or thrown items, no armour, multi-lived
}: 1/15 runes: barnacled
a: Renounce Religion, Berserk, Trog's Hand, Brothers in Arms


You were on level 1 of the Vaults.
You worshipped Trog.
Trog was exalted by your worship.
You visited 5 branches of the dungeon, and saw 26 of its levels.
You also visited: Bailey, Gauntlet and Ice Cave.

You collected 1760 gold pieces.
You spent 96 gold pieces at shops.

Inventory:

Jewellery
 b - a +6 ring of dexterity (left paw)
 g - an amulet of guardian spirit (around neck)
 p - a +4 ring of protection (right paw)
 w - a ring of willpower
 y - a ring of positive energy
 A - an amulet of reflection
 B - a ring of ice
 C - an amulet of the acrobat
 J - the ring "Qaog" {rPois Str+7 Dex-5 SInv}
   (You found it in a Gauntlet)

   [ring of poison resistance]

   Str:       It affects your strength (+7).
   Dex:       It affects your dexterity (-5).
   rPois:     It protects you from poison.
   SInv:      It lets you see invisible.
 K - a ring of protection from cold
 L - an amulet of faith
 N - a +6 ring of intelligence
 Q - a ring of willpower
 R - a ring of protection from fire
 S - a ring of fire
Wands
 m - a wand of quicksilver (17)
 o - a wand of flame (48)
 q - a wand of mindburst (18)
 u - a wand of roots (17)
 z - a wand of polymorph (11)
 D - a wand of charming (4)
Scrolls
 f - 3 scrolls of fog
 i - 4 scrolls of fear
 r - 14 scrolls of identify
 v - 14 scrolls of teleportation
 E - 3 scrolls of blinking
 I - a scroll of summoning
 M - 2 scrolls of silence
 T - 2 scrolls of magic mapping
Potions
 a - 3 potions of berserk rage
 c - 4 potions of lignification
 d - 4 potions of curing
 e - 4 potions of flight
 h - 5 potions of might
 j - 3 potions of heal wounds
 k - 9 potions of brilliance
 l - 2 potions of invisibility
 n - 7 potions of mutation
 s - 3 potions of attraction
 t - 3 potions of magic
 x - 3 potions of haste
 P - 2 potions of ambrosia {unknown}
Miscellaneous
 F - a condenser vane
 G - a lightning rod (4/4)
 H - a phantom mirror
 O - a piece from Xom's chessboard (15/15)


   Skills:
 + Level 15.5 Fighting
 - Level 23.0 Dodging
 - Level 15.0 Stealth
 + Level 21.8 Unarmed Combat
 - Level 15.0 Evocations


You had 14 spell levels left.
You didn't know any spells.
Your spell library was empty.

Dungeon Overview and Level Annotations

Branches:
Dungeon (15/15)            Temple (1/1) D:5            Lair (5/5) D:8
 Shoals (4/4) Lair:3        Snake (0/4) Lair:2        Slime (0/5) Lair:5
    Orc (0/2) D:11         Vaults (1/5) D:13         Depths (0/4) D:15
 Bailey (visited)           IceCv (visited)         Gauntlet (visited)

Altars:
Ashenzari
Cheibriados
Dithmenos
Elyvilon
Fedhas
Gozag
Kikubaaqudgha
Makhleb
Nemelex Xobeh
Okawaru
Qazlal
Ru
Trog
Vehumet
Wu Jian
Xom
Yredelemnul
Zin
Jiyva

Shops:
D:12 (   Shoals:1 :=*[   Vaults:1 *

Portals:
Abyss: Lair:3

Annotations:
D:8 1 runed translucent door, bear's ghost, novice GrEE
D:11 1 runed translucent door, diceflayer's ghost, journeyman DsFi
D:15 3 runed translucent doors, t4s4d4r's ghost, journeyman OgFi
Lair:2 3 runed translucent doors, Ashen's ghost, journeyman DsIE
Lair:3 2 transporters, Jyacosit's ghost, journeyman TeAE


Innate Abilities, Weirdness & Mutations

You have sharp claws.
You have razor-sharp teeth.
You have supernaturally acute eyesight. (SInv)
You cover ground quickly. (Speed+)
Your thick and shaggy fur keeps you warm. (AC +3, rC+)
Your paws help you pounce on unaware monsters.
You are incapable of wielding weapons or throwing items.
You cannot wear armour.
You gain extra lives every three experience levels.


Message History

Things that are here:
a +0 battleaxe of electrocution; a +0 plate armour You closely miss the vault guard.
You feel sick.
The centaur warrior shoots an arrow.
The arrow closely misses you.
The centaur warrior shoots an arrow.
The arrow completely misses you.
You mangle the vault guard!!
You claw the vault guard, but do no damage.
The vault guard is moderately wounded.
You feel sick. The vault guard completely misses you.
The centaur warrior shoots an arrow.
The arrow completely misses you.
You closely miss the vault guard.
The vault guard is moderately wounded.
You feel sick.
A centaur warrior comes into view.
The centaur warrior shoots an arrow.
The arrow misses you. The vault guard completely misses you.
A centaur warrior comes into view.
The centaur warrior shoots an arrow.
The arrow hits you!
* * * LOW HITPOINT WARNING * * *
The centaur warrior moves out of view.
You hear a shout!
Okay, then.
Unknown command.
You feel better. The vault guard completely misses you.
The vault guard hits you with a +0 long sword!
* * * LOW HITPOINT WARNING * * *
Your deep troll goes berserk!
The centaur warrior unwields a +0 shortbow.
The centaur warrior misses you.
The centaur warrior completely misses you.
The centaur warrior wields a +0 shortbow.
The centaur warrior shoots an arrow.
The arrow completely misses you.
The vault guard hits you but does no damage.
The centaur warrior attacks as you move away!
The centaur warrior completely misses you.
The centaur warrior kicks you but does no damage.
The centaur warrior wields a +0 shortbow.
The centaur warrior shoots an arrow.
The arrow completely misses you.
The centaur warrior shoots an arrow.
The arrow hits you!!
You die...

#.....# #.....#
#.....# #.....#
.########+#.)...#
..........c.....#
......!.c.c.....#
........).......#
.......@p)......#
.......T........#
................#
................#
................#
................#
#################


You could see a vault guard (ally target), 3 centaur warriors and a friendly
deep troll (summoned, berserk).

Vanquished Creatures
  Jorgrun (D:15)
  Frances (Lair:3)
  A titan (Shoals:4)
  Polyphemus (Shoals:4)
  2 vault wardens (Vaults:1)
  2 ironbound preservers (Vaults:1)
  A war gargoyle (Vaults:1)
  An ironbound thunderhulk (Vaults:1)
  2 very ugly things
  A deep elf annihilator (D:13)
  A minotaur (Gauntlet)
  4 dire elephants (Vaults:1)
  3 merfolk javelineers
  7 merfolk impalers
  A crystal guardian (Vaults:1)
  2 hydras
  5 vault guards
  7 centaur warriors
  A merfolk avatar (Shoals:1)
  3 boulder beetles
  A peacekeeper (Vaults:1)
  2 rakshasas (D:15)
  4 catoblepae
  5 death yaks
  7 two-headed ogres
  11 merfolk aquamancers
  2 ironbound frosthearts (Vaults:1)
  A satyr (Shoals:4)
  2 alligator snapping turtles
  A deep troll shaman (Lair:5)
  A tengu warrior (D:15)
  Sonja (D:12)
  A deep elf knight (D:15)
  A fire crab (D:10)
  5 skeletal warriors (D:11)
  A glowing orange brain (D:15)
  4 deep trolls (Vaults:1)
  A deep elf archer (D:15)
  13 sea snakes
  An ironbound convoker (Vaults:1)
  2 wizards (D:13)
  Pikel (D:8)
  A lindwurm (Lair:5)
  A necromancer (Gauntlet)
  An orc knight (D:15)
  A deep elf pyromancer (D:15)
  7 fauns
  7 cyclopes
  A harpy (D:10)
  A wolf spider (D:15)
  16 manticores
  14 ugly things
  13 elephants
  6 centaur zombies (D:12)
  A vault sentinel (Vaults:1)
  5 black mambas
  9 merfolk sirens
  11 water nymphs
  An ice statue (Gauntlet)
  10 cane toads
  Maggie (D:6)
  An unseen horror (D:11)
  10 komodo dragons
  5 rime drakes
  3 tengu conjurers
  3 yaktaurs (Vaults:1)
  A rime drake (shapeshifter) (D:10)
  2 polar bears (Lair:5)
  A troll (shapeshifter) (D:15)
  3 meliai (Gauntlet)
  2 trolls
  22 merfolk
  Prince Ribbit (Bailey)
  10 wind drakes
  A raiju (D:15)
  13 blink frogs
  4 slime creatures (D:15)
  14 dream sheep
  5 snapping turtles
  2 meliai zombies (D:12)
  7 air elementals (Shoals:4)
  A spriggan (shapeshifter) (D:13)
  7 shadows
  7 vampires
  31 water elementals
  11 wraiths
  59 yaks
  7 basilisks
  9 wyverns
  11 humans
  A steam dragon (D:8)
  3 vampire mosquitoes
  2 nagas (Lair:2)
  An acid dragon (D:13)
  29 water moccasins
  4 orc warriors
  4 black bears
  3 ice beasts
  3 ogres
  16 wolves
  19 centaurs
  A boggart (shapeshifter) (D:15)
  4 lemures (D:8)
  3 phantoms
  19 bullfrogs
  2 gnoll sergeants
  4 scorpions
  8 wights
  20 killer bees
  5 electric eels (D:12)
  4 crimson imps (D:4)
  8 howler monkeys
  5 jellies
  2 orc priests
  Crazy Yiuf (D:3)
  3 hounds
  A gnoll bouda (D:5)
  4 iguanas
  3 iron imps (D:4)
  A boggart zombie (D:12)
  Natasha (thrice) (D:3)
  5 orc wizards
  Robin (D:4)
  6 adders
  18 gnolls
  2 shadow imps
  2 white imps
  An ufetubus (D:6)
  2 worms (D:3)
  2 dart slugs
  16 orcs
  7 ball pythons
  8 bats
  2 endoplasms
  5 giant cockroaches
  18 goblins
  14 hobgoblins
  6 jackals (D:3)
  6 quokkas
  3 frilled lizards
  14 kobolds
  7 rats
806 creatures vanquished.

Vanquished Creatures (collateral kills)
  A vault guard (D:13)
  A deep troll (Vaults:1)
  A manticore (Shoals:3)
  2 merfolk (Shoals:4)
  A snapping turtle (Shoals:4)
  An air elemental (Shoals:4)
  A water elemental (Shoals:4)
  4 humans (D:13)
12 creatures vanquished.

Vanquished Creatures (others)
  A manticore (Shoals:2)
  A dream sheep (Shoals:2)
  A water elemental (Shoals:1)
  A wolf (Lair:5)
  2 bushes
  40 fungi
  122 plants
168 creatures vanquished.

Grand Total: 986 creatures vanquished

Notes
Turn   | Place    | Note
-------+----------+-------------------------------------------
     0 | D:1      | MisterFreud the Felid Berserker began the quest for the
                  | Orb.
     0 | D:1      | Reached XP level 1. HP: 10/10 MP: 2/2
    75 | D:1      | Reached skill level 1 in Stealth
    99 | D:1      | Reached XP level 2. HP: 13/14 MP: 3/3
   393 | D:1      | Found a faded altar of an unknown god.
   778 | D:2      | Reached XP level 3. HP: 17/17 MP: 4/4
  1025 | D:2      | Identified a scroll of acquirement
  1025 | D:2      | Acquired a manual of Dodging
  1151 | D:2      | Reached ** piety under Trog
  1877 | D:3      | Found a runed translucent door.
  1878 | D:3      | Noticed Crazy Yiuf
  1924 | D:3      | Found a basalt altar of Yredelemnul.
  1983 | D:3      | Found a white marble altar of Elyvilon.
  2051 | D:3      | Noticed Natasha
  2065 | D:3      | Killed Natasha
  2066 | D:3      | Reached XP level 4. HP: 21/21 MP: 5/5
  2200 | D:3      | Noticed Natasha
  2203 | D:3      | Killed Natasha
  2204 | D:3      | Reached skill level 5 in Dodging
  2436 | D:3      | Reached XP level 5. HP: 23/24 MP: 6/6
  2546 | D:3      | Noticed Natasha
  2557 | D:3      | Killed Natasha
  2684 | D:3      | Killed Crazy Yiuf
  2685 | D:3      | Reached skill level 6 in Dodging
  3208 | D:4      | Reached *** piety under Trog
  3209 | D:4      | Noticed Robin
  3216 | D:4      | Killed Robin
  3218 | D:4      | Reached skill level 5 in Stealth
  3339 | D:4      | Gained mutation: You are covered in thick fur. (AC +2)
                  | [Felid growth]
  3339 | D:4      | Reached XP level 6. HP: 28/28 MP: 7/7
  3646 | D:4      | Reached skill level 7 in Dodging
  3650 | D:4      | Reached skill level 5 in Unarmed Combat
  3821 | D:4      | Found a burning altar of Makhleb.
  3844 | D:4      | Found a shimmering altar of Xom.
  3987 | D:4      | Reached skill level 8 in Dodging
  4012 | D:4      | Reached XP level 7. HP: 31/31 MP: 8/8
  4200 | D:5      | Entered Level 5 of the Dungeon
  4220 | D:5      | Found a stormy altar of Qazlal.
  4227 | D:5      | Reached skill level 9 in Dodging
  4328 | D:5      | Reached skill level 10 in Dodging
  4603 | D:5      | Found a glowing silver altar of Zin.
  4604 | D:5      | Reached **** piety under Trog
  4867 | D:5      | Reached XP level 8. HP: 34/34 MP: 9/9
  5142 | D:5      | Found a staircase to the Ecumenical Temple.
  5148 | D:5      | Reached skill level 11 in Dodging
  5251 | Temple   | Entered the Ecumenical Temple
  5313 | D:6      | Found an ornate altar of the Wu Jian Council.
  5354 | D:6      | Found a shadowy altar of Dithmenos.
  5376 | D:6      | HP: 2/54 [poisoned by a water moccasin]
  5571 | D:6      | Reached skill level 12 in Dodging
  5601 | D:6      | Reached skill level 5 in Fighting
  5714 | D:6      | Noticed Maggie
  5757 | D:6      | Reached XP level 9. HP: 40/40 MP: 10/10
  5984 | D:6      | Found a radiant altar of Vehumet.
  6126 | D:6      | Killed Maggie
  6127 | D:6      | Reached skill level 13 in Dodging
  6357 | D:6      | Found an iron altar of Okawaru.
  6677 | D:7      | Found a flagged portal.
  6699 | Bailey   | Entered a bailey
  6730 | Bailey   | Reached skill level 14 in Dodging
  6730 | Bailey   | Reached skill level 10 in Stealth
  6873 | Bailey   | Reached XP level 10. HP: 38/45 MP: 11/11
  6986 | Bailey   | Noticed a vault guard
  6986 | Bailey   | Noticed Prince Ribbit
  7002 | Bailey   | Killed Prince Ribbit
  7003 | Bailey   | Reached skill level 10 in Unarmed Combat
  7011 | Bailey   | Killed a vault guard
  7012 | Bailey   | Reached skill level 15 in Dodging
  7050 | Bailey   | Noticed a vault guard
  7080 | Bailey   | Killed a vault guard
  7081 | Bailey   | Reached skill level 16 in Dodging
  7083 | Bailey   | Reached skill level 17 in Dodging
  7298 | Bailey   | Acquired a manual of Unarmed Combat
  7330 | D:7      | Identified the amulet "Waunnub" {Spirit Int+4 Slay-4}
  7344 | D:7      | Acquired a manual of Unarmed Combat
  7346 | D:7      | Acquired a manual of Dodging
  7729 | D:8      | Noticed Pikel
  7770 | D:8      | Killed Pikel
  7771 | D:8      | Reached skill level 1 in Evocations
  7791 | D:8      | Found a staircase to the Lair.
  7792 | D:8      | Noticed a two-headed ogre
  7858 | D:8      | Killed a two-headed ogre
  7859 | D:8      | Reached XP level 11. HP: 49/49 MP: 7/12
  7870 | D:8      | Reached skill level 18 in Dodging
  7958 | D:8      | Found a runed translucent door.
  7962 | D:8      | Identified the +10 spear of the End {freeze, rN+ Str-4
                  | Dex+5}
  7967 | D:8      | Noticed bear's ghost (novice GrEE)
  8319 | D:8      | Found a sparkling altar of Nemelex Xobeh.
  8388 | D:8      | Found a snail-covered altar of Cheibriados.
  8706 | D:9      | Noticed a brown ugly thing
  8743 | Lair:1   | Entered Level 1 of the Lair of Beasts
  9401 | Lair:1   | Reached skill level 5 in Evocations
  9415 | Lair:1   | Reached skill level 19 in Dodging
 10111 | Lair:2   | Found a staircase to the Snake Pit.
 10212 | Lair:2   | Found a runed translucent gate.
 10212 | Lair:2   | Found a runed translucent gate.
 10212 | Lair:2   | Found a runed translucent gate.
 10214 | Lair:2   | Noticed Ashen's ghost (journeyman DsIE)
 10512 | Lair:2   | Gained mutation: Your thick and shaggy fur keeps you warm.
                  | (AC +3, rC+) [Felid growth]
 10512 | Lair:2   | Reached XP level 12. HP: 51/57 MP: 9/13
 10987 | Lair:2   | Reached ***** piety under Trog
 11058 | Lair:2   | Reached skill level 20 in Dodging
 11065 | Lair:2   | Reached skill level 10 in Fighting
 11634 | Lair:3   | Found a staircase to the Shoals.
 11692 | Lair:3   | Noticed a boulder beetle
 11715 | Lair:3   | Killed a boulder beetle
 11810 | Lair:3   | Reached skill level 15 in Unarmed Combat
 12326 | Lair:3   | Noticed a catoblepas
 12391 | Lair:3   | Killed a catoblepas
 12472 | Lair:3   | Found a transporter.
 12517 | Lair:3   | Found a transporter.
 13147 | Lair:3   | Noticed Jyacosit's ghost (journeyman TeAE)
 13572 | Lair:4   | HP: 2/58 [poisoned by a black mamba]
 13577 | Lair:4   | HP: 2/58 [poisoned by a black mamba]
 13734 | Lair:4   | Reached skill level 21 in Dodging
 13734 | Lair:4   | Reached XP level 13. HP: 48/61 MP: 11/14
 14801 | Lair:5   | Entered Level 5 of the Lair of Beasts
 15343 | Lair:5   | Reached skill level 22 in Dodging
 15662 | Lair:5   | Found a viscous altar of Jiyva.
 15910 | Lair:5   | Found a staircase to the Slime Pits.
 16629 | D:9      | Found an opulent altar of Gozag.
 16640 | D:9      | Found an ancient bone altar of Kikubaaqudgha.
 16711 | D:9      | Found the +0 staff of Battle
 17328 | D:10     | Entered Level 10 of the Dungeon
 17672 | D:10     | Reached XP level 14. HP: 49/66 MP: 10/15
 17952 | D:10     | Identified the +1 scale mail of Gravity {*Corrode rC+
                  | Int+4}
 18380 | D:10     | Reached skill level 10 in Evocations
 18743 | D:11     | Found a runed translucent door.
 18756 | D:11     | Found a staircase to the Orcish Mines.
 18771 | D:11     | Noticed diceflayer's ghost (journeyman DsFi)
 18810 | D:11     | Reached skill level 23 in Dodging
 19504 | D:12     | Found Voogodun's Antique Weapon Boutique.
 19818 | D:12     | Reached ****** piety under Trog
 20132 | D:12     | Noticed Sonja
 20139 | D:12     | Killed Sonja
 20801 | D:13     | Found a broken altar of Ashenzari.
 21364 | D:13     | Identified the -1 pair of gloves of Twilight {-Tele rElec
                  | rC+++ Int-2}
 21569 | D:13     | Found a gate to the Vaults.
 21962 | D:14     | Noticed a white very ugly thing
 21989 | D:14     | Killed a white very ugly thing
 21995 | D:14     | Reached XP level 15. HP: 72/72 MP: 11/16
 22103 | D:14     | Found a frozen archway.
 22136 | IceCv    | Entered an ice cave
 22562 | D:14     | Found a shadowy altar of Dithmenos.
 23138 | D:15     | Entered Level 15 of the Dungeon
 23391 | D:15     | Found a gate leading to a gauntlet.
 23392 | D:15     | Noticed Jorgrun
 23400 | D:15     | Killed Jorgrun
 23417 | Gauntlet | Entered a Gauntlet
 23417 | Gauntlet | Found a transporter.
 23490 | Gauntlet | Found a transporter.
 23532 | Gauntlet | Found a transporter.
 23550 | Gauntlet | Found a transporter.
 23553 | Gauntlet | Found a transporter.
 23554 | Gauntlet | Found a transporter.
 23693 | Gauntlet | Found a transporter.
 23737 | Gauntlet | Found a transporter.
 23753 | Gauntlet | Found a transporter.
 23813 | Gauntlet | Found a transporter.
 23855 | Gauntlet | Identified the ring "Qaog" {rPois Str+7 Dex-5 SInv}
 23869 | Gauntlet | Found the +9 sword of Zonguldrok {reap}
 23869 | Gauntlet | Found a transporter.
 23943 | Gauntlet | Found a transporter.
 23962 | Gauntlet | Identified the +3 scale mail "Haivoiza" {rF+ Will- Str+2}
 23978 | Gauntlet | Identified the +3 scale mail "Pemo Tuy" {Dex+7}
 24191 | D:15     | Found a sacrificial altar of Ru.
 24445 | D:15     | Found a staircase to the Depths.
 24683 | D:15     | Found a runed translucent gate.
 24684 | D:15     | Found a runed translucent gate.
 24684 | D:15     | Found a runed translucent gate.
 24685 | D:15     | Found an ancient bone altar of Kikubaaqudgha.
 24686 | D:15     | Noticed a lich
 24686 | D:15     | Noticed a lich
 24687 | D:15     | Noticed t4s4d4r's ghost (journeyman OgFi)
 24687 | D:15     | Noticed a lich
 24687 | D:15     | Noticed a lich
 25353 | Shoals:1 | Entered Level 1 of the Shoals
 25354 | Shoals:1 | Noticed Frances
 25534 | Lair:3   | Killed Frances
 25728 | Shoals:1 | Found Ydon's Jewellery Shop.
 26117 | Shoals:1 | Found Xeff's Book Emporium.
 26248 | Shoals:1 | Found Nat Rowe's Assorted Antiques.
 26257 | Shoals:1 | Found Nutesui's Armour Shoppe.
 26752 | Shoals:2 | Killed from afar by a water nymph
 26753 | Shoals:2 | Reached XP level 14. HP: -7/70 MP: 0/15
 26779 | Shoals:2 | Slain by a snapping turtle
 26780 | Shoals:2 | Reached XP level 13. HP: -4/99 MP: 0/14
 26810 | Shoals:2 | Reached XP level 14. HP: 34/70 MP: 7/15
 29119 | Shoals:4 | Entered Level 4 of the Shoals
 29348 | Shoals:4 | Paralysed by an air elemental for 1 turns
 29359 | Shoals:4 | Paralysed by an air elemental for 1 turns
 29372 | Shoals:4 | HP: 3/71 [wind drake/the air (17)]
 29730 | Shoals:4 | Noticed Polyphemus
 29751 | Shoals:4 | Killed Polyphemus
 30250 | Shoals:4 | Identified the +1 troll leather armour "Javoasou" {rN++
                  | Regen+ Str+4}
 30557 | Shoals:4 | Reached XP level 15. HP: 26/75 MP: 6/16
 30875 | Shoals:4 | Identified the +1 scale mail of Senef {Harm rPois Int+3}
 31115 | Shoals:4 | Reached skill level 15 in Evocations
 31169 | Shoals:4 | Noticed a titan
 31743 | Shoals:4 | Paralysed by an air elemental for 1 turns
 32697 | Shoals:4 | Reached skill level 15 in Stealth
 32857 | Shoals:4 | Got a barnacled rune of Zot
 32867 | Shoals:4 | Killed a titan
 33164 | Lair:3   | Found a one-way gate to the infinite horrors of the Abyss.
 33458 | Vaults:1 | Entered Level 1 of the Vaults
 33459 | Vaults:1 | Noticed a vault warden
 33477 | Vaults:1 | Killed a vault warden
 33483 | Vaults:1 | Reached skill level 15 in Fighting
 34013 | Vaults:1 | Found Uvuluixu's General Store.
 34021 | Vaults:1 | Bought a potion of curing for 36 gold pieces
 34021 | Vaults:1 | Bought a potion of heal wounds for 60 gold pieces
 34039 | Vaults:1 | Noticed a vault warden
 34054 | Vaults:1 | Killed a vault warden
 34064 | Vaults:1 | Shot with an arrow by a centaur warrior

Illustrated notes

Levels and vault maps discovered:
D:1:      nagdon_arrival_zigzag_paths, layout_basic,
          ebering_ecumenical_altar_hall, minmay_heptomino_h4
D:2:      minmay_door_path, layout_basic
D:3:      layout_rooms, kennysheep_ying_yang, minmay_joined_circles,
          uniq_crazy_yiuf_cottage, uniq_natasha
D:4:      layout_basic, demons_altar, led_xom_imps, lightli_corner_chamber,
          uniq_robin
D:5:      layout_rooms, lemuel_coloured_pillars_altar, old_standard_altar,
          temple_green
D:6:      layout_rooms, lemuel_crystal_altar, nicolae_vehumet_radiance,
          kennysheep_okawaru_gauntlet, mainiacjoe_overflow_brackets, uniq_maggie
D:7:      hellmonk_crumbling_castle, layout_loops_ring, enter_bailey_3
D:8:      layout_loops_ring, cheibriados_altar_1, general_overflow_altar,
          minmay_lair_entry_grove, ebering_ghost_funeral_grove, uniq_pikel
D:9:      layout_cave_pools, mainiacjoe_overflow_catch_the_wave,
          grunt_ministairs_10, minmay_fountain_box,
          hellmonk_guarded_unrand_staff_of_battle
D:10:     minmay_the_grid_net [minmay_the_grid_eight,
          minmay_the_grid_pillar_ring, minmay_the_grid_x,
          minmay_the_grid_odd_star, minmay_the_grid_holed_spiral,
          minmay_the_grid_prize_diamond_cup], layout_gridville, minivault_25
D:11:     layout_rooms, orc_0_dummy, hellmonk_ghost_big_iron
D:12:     lemuel_flame_loot_2, layout_basic, serial_undead, serial_undead_a,
          serial_undead_b, serial_undead_e, serial_undead_d, serial_undead_d,
          serial_undead_d, serial_undead_b, serial_shops, shop, uniq_sonja
D:13:     cheibrodos_wizards_tower, layout_irregular_city,
          ximxim_vaults_locker_room, chequers_serial_rivers_micro_a,
          minivault_4, ashenzari_conservatory_becter
D:14:     layout_loops_corners, grunt_dithmenos_shadows,
          portal_ice_cave_entry_ugly_swarm
D:15:     gammafunk_enter_depths_forms, layout_basic,
          nicolae_ru_sacrificial_ziggurat, gammafunk_ghost_crypt,
          gauntlet_entry_generic, beargit_elvish_explorers, uniq_jorgrun
Temple:   nicolae_temple_bog_church
Lair:1:   layout_cave_pods
Lair:2:   layout_cellular_growth, guppyfry_snake_entry_island,
          gammafunk_ghost_split, nicolae_lair_grove_arrangements, st_stairs_11,
          cheibrodos_lair_reptile_den
Lair:3:   layout_concentric_octagons, shoals_dummy_entry,
          gammafunk_ghost_abyssal_escape, lemuel_fruit_fields
Lair:4:   layout_gridlike, grunt_megastairs_3
Lair:5:   grunt_lair_end_beastmaster, layout_regular_city, slime_entry_1,
          grunt_megastairs_2
Shoals:1: layout_shoals, serial_shops, shop, nicolae_shop_hallway_stairs, shop,
          shop, uniq_frances
Shoals:2: layout_shoals, nicolae_shoals_shepherds
Shoals:3: layout_shoals, centaur_isle
Shoals:4: shoals_end_hellmonk_storm_palace [storm_palace_center_circular,
          storm_palace_corner_grid, storm_palace_corner_narrow,
          storm_palace_corner_grid, storm_palace_corner_grid], uniq_polyphemus
Vaults:1: vaults_room_grunt_arrival_ludios, v_misc_17, v_misc_18,
          ontoclasm_vaults_pinch, vaults_dpeg_cross,
          nicolae_vaults_angled_halls, grunt_vaults_hallway_short, v_pattern_2,
          ontoclasm_vaults_ring_square, nicolae_vaults_little_squares_1,
          ontoclasm_vaults_shuriken, layout_vaults_quadrants, serial_shops, shop

Skill      XL: |  1  2  3  4  5  6  7  8  9 10 11 12 13 14 15 |
---------------+----------------------------------------------+-----
Stealth        | 1 2 3 4 5 6 8 10 13 15 | 15.0
Unarmed Combat | 4 5 6 7 9 10 12 16 18 20 21 | 21.8
Dodging        | 5 6 8 10 12 14 17 19 21 22 23 | 23.0
Fighting       | 5 6 9 10 14 15 | 15.5
Evocations     | 3 5 6 9 14 15 | 15.0

Action                   |  1- 3 |  4- 6 |  7- 9 | 10-12 | 13-15 || total
-------------------------+-------+-------+-------+-------+-------++-------
Melee: Unarmed           |    93 |   182 |   295 |   714 |  2002 ||  3286
       Bite              |     4 |    25 |    40 |   106 |   268 ||   443
       Punch             |     3 |     5 |    14 |    71 |   351 ||   444
Invok: Berserk           |     1 |     5 |     7 |     7 |    27 ||    47
       Trog's Hand       |       |       |     2 |     7 |     6 ||    15
       Brothers in Arms  |       |       |       |       |     6 ||     6
Evoke: Wand              |       |       |       |     2 |    13 ||    15
       Lightning rod     |       |       |       |       |     4 ||     4
       Condenser vane    |       |       |       |       |     2 ||     2
  Use: Scroll            |    10 |     3 |     6 |    11 |     3 ||    33
       Potion            |       |       |       |       |     9 ||     9
 Stab: Sleeping          |    12 |     5 |    11 |    20 |    49 ||    97
       Distracted        |       |       |     1 |     4 |     7 ||    12
       Petrified         |       |       |       |     2 |     2 ||     4
       Petrifying        |       |       |       |       |     1 ||     1
       Invisible         |       |       |       |       |     4 ||     4
Armor: Skin              |     3 |     4 |    18 |    20 |    69 ||   114
Dodge: Dodged            |    65 |   120 |   311 |   701 |  2362 ||  3559
